 Dungeon Crawl Stone Soup version 0.30-a0-165-g1891117ce2 (webtiles) character file.

Game seed: 4686372809841528123

286 qw the Chopper (level 6, -1/39 HPs)
             Began as a Gargoyle Fighter on Sept 28, 2022.
             Slain by a gnoll
             ... wielding a +0 spear
              (3 damage)
             ... on level 4 of the Dungeon.
             The game lasted 00:00:58 (3448 turns).

qw the Chopper (Gargoyle Fighter)                   Turns: 3448, Time: 00:00:58

Health: -1/39      AC: 13    Str: 22    XL:     6   Next: 30%
Magic:  0/6        EV:  7    Int:  8    God:
Gold:   212        SH:  4    Dex:  9    Spells: 5/5 levels left

rFire   . . .      SeeInvis .    Y - +0 war axe
rCold   . . .      Faith    .    c - +0 buckler
rNeg    + . .      Spirit   +    a - +0 chain mail
rPois   inf        Reflect  .    (no helmet)
rElec   +          Harm     .    (no cloak)
rCorr   .          Rampage  .    (no gloves)
Will    .....                    (no boots)
Stlth   ..........               l - amulet of guardian spirit
HPRegen 0.13/turn                (no ring)
MPRegen 0.10/turn                (no ring)

@: about to teleport
A: sickness immunity, AC +4, negative energy resistance 1, electricity
resistance, torment resistance 1, petrification resistance
a: no special abilities


You were on level 4 of the Dungeon.
You visited 1 branch of the dungeon, and saw 4 of its levels.

You collected 212 gold pieces.


Innate Abilities, Weirdness & Mutations

You are immune to sickness and miasma.
Your stone body is resilient. (AC +4)
You are immune to poison.
You resist negative energy. (rN+)
You are resistant to electric shocks. (rElec)
You are resistant to unholy torment.
You are immune to petrification.


   Skills:
 - Level 4.4 Fighting
 + Level 5.3 Axes
 - Level 3.2 Armour
 - Level 3.2 Shields


You had 5 spell levels left.
You didn't know any spells.
Your spell library was empty.

Inventory:

Hand Weapons
 j - a +0 mace
 Y - a +0 war axe (weapon)
Missiles
 i - a boomerang (quivered)
Armour
 a - a +0 chain mail (worn)
 c - a +0 buckler (worn)
Jewellery
 k - a ring of see invisible
 l - an amulet of guardian spirit (around neck)
Scrolls
 b - a scroll of enchant weapon {unknown}
 h - a scroll of silence {unknown}
 q - a scroll of identify
Potions
 d - a potion of might
 e - a potion of berserk rage {unknown}
 f - a potion of flight {unknown}
 g - a potion of brilliance {unknown}
 m - a potion of haste {unknown}
 n - a potion of curing
 o - a potion of ambrosia {unknown}
 t - a potion of attraction {unknown}

Dungeon Overview and Level Annotations

Branches:
Dungeon (4/15)
 Temple: D:4-7

Altars:


Message History

The gnoll shouts!
3437 ||| Stepping ~*~*~tactically~*~*~ (hiding).
You start waiting.
A gnoll is nearby!
A gnoll comes into view. It is wielding a +0 flail.
The gnoll shouts!
You hear a shout!
The gnoll barely misses you.
An orc comes into view. It is wielding a +0 dagger.
The orc shouts!
You block the gnoll's attack. The gnoll completely misses you.
You barely miss the gnoll. You block the gnoll's attack.
The gnoll hits you from afar with a +0 spear.
You slash the gnoll!
The gnoll is heavily wounded.
The gnoll closely misses you.
The gnoll hits you from afar with a +0 spear.
You barely miss the gnoll.
The gnoll is heavily wounded.
The gnoll hits you but does no damage.
The gnoll hits you from afar with a +0 spear.
The gnoll closely misses you.
You slash the gnoll!
You kill the gnoll!
You slash the gnoll!
The gnoll hits you from afar with a +0 spear.
The gnoll hits you with a +0 flail.
You closely miss the gnoll.
The gnoll is severely wounded.
You block the gnoll's attack. The gnoll hits you with a +0 flail!
3447 ||| READING scroll of teleportation.
As you read the scroll of teleportation, it crumbles to dust.
You feel strangely unstable.
The gnoll hits you from afar with a +0 spear.
The gnoll hits you but does no damage.
You barely miss the gnoll.
The gnoll is severely wounded.
The gnoll completely misses you. The gnoll hits you with a +0 flail.
The gnoll hits you from afar with a +0 spear.
You die...

#######....# .......
#.......##.# .......
#.....####.#
.......###....## #.#
.......#......#####.#
.....#.#.^........#
.og#.#....########
#g#.............#
#>@..........?..###
###.............#..
#.............#..
#.............#..
#...).......%.#..
#................
#.#####.......... #.#
#.......... #.#
#..........


You could see 2 gnolls and an orc.

Vanquished Creatures
  An ogre (D:4)
  Jessica (D:2)
  An iguana (D:4)
  7 adders
  2 gnolls (D:4)
  An ufetubus (D:4)
  3 worms (D:2)
  3 dart slugs
  5 endoplasms
  A giant cockroach (D:1)
  2 goblins (D:1)
  3 hobgoblins
  4 jackals (D:3)
  3 quokkas
  6 ball pythons
  5 bats
  4 frilled lizards
  5 kobolds
  4 rats
61 creatures vanquished.

Notes
Turn   | Place    | Note
-------+----------+-------------------------------------------
     0 | D:1      | qw the Gargoyle Fighter began the quest for the Orb.
     0 | D:1      | Reached XP level 1. HP: 14/14 MP: 1/1
     0 | D:1      | 0 ||| qw: Version: 0.2-a-12-gaebbb33
     0 | D:1      | 0 ||| qw: Game counter: 836
     0 | D:1      | 0 ||| qw: Always use a shield: true
     0 | D:1      | 0 ||| qw: God list: Okawaru
     0 | D:1      | 0 ||| qw: Allow faded altars: false
     0 | D:1      | 0 ||| qw: Do Orc after D:15 true
     0 | D:1      | 0 ||| qw: Do second Lair branch before Depths: true
     0 | D:1      | 0 ||| qw: Lair rune preference: random
     0 | D:1      | 0 ||| qw: Plans: Normal, Zot:1-4, God:TSO, Crypt, Tomb,
                  | Pan, Slime:5, Hells, Abyss, Orb
     0 | D:1      | 0 ||| PLANNING D:1-11
   190 | D:1      | Reached skill level 2 in Axes
   335 | D:1      | Reached XP level 2. HP: 19/19 MP: 2/2
   384 | D:1      | 384 ||| Stepping ~*~*~tactically~*~*~ (hiding).
   385 | D:1      | 385 ||| Stepping ~*~*~tactically~*~*~ (stealth).
   636 | D:1      | Reached skill level 3 in Axes
   683 | D:1      | Reached XP level 3. HP: 23/23 MP: 3/3
  1045 | D:1      | 1045 ||| DROPPING +6 ring of intelligence.
  1046 | D:1      | 1046 ||| READING scroll labelled HELECV JOJA.
  1047 | D:1      | 1047 ||| READING scroll labelled HODACY REENLAU.
  1048 | D:1      | 1048 ||| READING scroll labelled FOQIZUA XIHUWK.
  1593 | D:2      | Noticed Jessica
  1601 | D:2      | Killed Jessica
  1602 | D:2      | Reached skill level 4 in Axes
  1602 | D:2      | Reached XP level 4. HP: 21/28 MP: 4/4
  1945 | D:2      | Reached XP level 5. HP: 23/32 MP: 5/5
  2173 | D:2      | 2173 ||| UPGRADING to amulet of guardian spirit.
  2178 | D:2      | 2178 ||| READING scroll labelled IRUGER ZEDECOCK.
  2179 | D:2      | 2179 ||| READING scroll labelled BAIJIR SOLEFA.
  2182 | D:2      | 2182 ||| READING scroll labelled SIRURR DISYRIRCH.
  2754 | D:3      | 2754 ||| UPGRADING to +0 chain mail.
  2764 | D:3      | 2764 ||| DROPPING +0 scale mail.
  2765 | D:3      | 2765 ||| DROPPING ring of magical power.
  2766 | D:3      | 2766 ||| READING scroll labelled ATUOQIUDADD.
  2767 | D:3      | 2767 ||| READING scroll labelled IKYC SUEJI.
  2827 | D:3      | 2827 ||| READING scroll labelled ICKAUK XELL.
  2828 | D:3      | 2828 ||| READING scroll labelled KOACWI BOSHRI.
  2829 | D:3      | 2829 ||| DRINKING 2 puce potions.
  2887 | D:4      | Reached skill level 5 in Axes
  3106 | D:4      | Noticed an ogre
  3112 | D:4      | Killed an ogre
  3113 | D:4      | Reached XP level 6. HP: 28/39 MP: 3/6
  3123 | D:4      | 3123 ||| Stepping ~*~*~tactically~*~*~ (stealth).
  3437 | D:4      | 3437 ||| Stepping ~*~*~tactically~*~*~ (hiding).
  3446 | D:4      | HP: 9/39 [gnoll/+0 flail (9)]
  3447 | D:4      | 3447 ||| READING scroll of teleportation.
  3448 | D:4      | HP: 2/39 [gnoll/+0 flail (4)]
  3448 | D:4      | Slain by a gnoll

Levels and vault maps discovered:
D:1:      zelgadis_glass_arrival_small, layout_basic
D:2:      layout_loops_ring, minmay_mini_jars, uniq_jessica
D:3:      layout_loops_ring
D:4:      layout_basic, serial_shops, nicolae_shop_window_shopping

Skill      XL: |  1  2  3  4  5 |
---------------+----------------+-----
Axes           | 2 3 4 5 |  5.3
Fighting       | 4 |  4.4
Armour         | |  3.2
Shields        | |  3.2

Action                   |  1- 3 |  4- 6 || total
-------------------------+-------+-------++-------
Melee: War axe           |    86 |    92 ||   178
Throw: Boomerang         |    29 |    23 ||    52
  Use: Scroll            |     3 |     8 ||    11
       Potion            |       |     1 ||     1
Armor: Scale mail        |    47 |    40 ||    87
       Chain mail        |       |    12 ||    12
Dodge: Dodged            |    36 |    49 ||    85
Block: Buckler           |    16 |    31 ||    47

Table legend:
 A = Non-vault XP
 B = Vault XP
 C = Vault XP percentage of total XP
 D = Non-vault monster count
 E = Vault monster count
 F = Vault count percentage of total count
                 A         B        C        D         E       F
            +---------+---------+-------+---------+---------+-------
      Total |     316 |      93 |  22.7 |      50 |      11 |  18.0
            +---------+---------+-------+---------+---------+-------
        D:1 |      38 |       0 |   0.0 |      20 |       0 |   0.0
        D:2 |      57 |      93 |  62.0 |      12 |      11 |  47.8
        D:3 |      28 |       0 |   0.0 |      11 |       0 |   0.0
        D:4 |     193 |       0 |   0.0 |       7 |       0 |   0.0
            +---------+---------+-------+---------+---------+-------
